Unix NetHack Version 5.0.0-0 post-release - last build May 31 2026 23:59:36 (970b52f25bf058293b47ddfd14a1e40e571c508c,branch:main).

Game began 2026-06-01 17:16:16, ended 2026-06-02 20:26:38.

Drastanta, lawful male human Samurai

            ---------------
            |............`|
            |..............
            |........h....|
          ##........g@.>..|
 ------   # ------------|--
 |.%%%-####         #####
 |....|             #
 |.%..|           ###
 ------           #
                ###
                #
               -.------
               |......|
               |...+..+
               |..<...|
               --------

Drastanta the Joshu    St:25 Dx:17 Co:18 In:3 Wi:9 Ch:10  Lawful
Dlvl:23 $:0  HP:0(134) Pw:33(33) AC:-7 Xp:13 T:22498  Burdened

Latest messages:
 You see here a giant mimic corpse.
 You see here a small mimic corpse.
 You see here a pair of snow boots.
 You have a little trouble lifting n - a pair of snow boots.
 Hachi picks up a white spellbook.
 Hachi drops a white spellbook.
 Hachi drops a small mimic corpse.
 You sense a faint wave of psychic energy.
 Hachi picks up a giant mimic corpse.
 Something is written here in the dust.
 You read: "Clcse   or ?n???tc??".
 What do you want to use or apply? [ahk-mrtvA-FINOQSVXZ or ?*] k
 You put 4032 gold pieces into the bag of holding.
 You sense a faint wave of psychic energy.
 What do you want to put on? [fxF or ?*] F
 You are now wearing a towel around your head.
 You can't see any more.
 You were wearing an uncursed towel.
 You can see again.
 The mind flayer hits!
 The mind flayer's tentacles suck your brain!
 Your brain is eaten!
 You feel stupid!
 The mind flayer's tentacles suck your brain again!
 Your brain is eaten!
 You feel stupid!
 The mind flayer misses!
 The mind flayer misses!
 The mind flayer's tentacles suck your brain!
 Your brain is eaten!
 You feel very stupid!
 The mind flayer's tentacles suck your brain again!
 Your brain is eaten!
 You feel stupid!
 You hit the mind flayer!
 You hit the mind flayer!
 The mind flayer hits!
 The mind flayer's tentacles suck your brain!
 Your brain is eaten!
 You feel very stupid!
 The mind flayer misses!
 The mind flayer's tentacles suck your brain!
 Your brain is eaten!
 Your last thought fades away.
 Do you want your possessions identified? [ynq] (y) y
 Do you want to see your attributes? [ynq] (y) y
 Do you want an account of creatures vanquished? [ynaq] (y) y
 Do you want a list of species genocided? [ynaq] (y) y
 Do you want to see your conduct and achievements? [ynq] (y) y
 Do you want to see the dungeon overview? [ynq] (y) y

Inventory:
 Weapons  (')')
  b - a very rusty +0 katana (wielded in left hand)
  a - the blessed rustproof +5 Snickersnee (wielded in right hand)
 Armor    ('[')
  g - an uncursed thoroughly rusty +0 pair of gauntlets of power (being worn)
  W - a blessed +0 pair of elven boots (being worn)
  n - an uncursed +1 pair of water walking boots
  o - an uncursed burnt +0 cloak of magic resistance (being worn)
  w - a blessed rotproof +3 silver dragon scale mail (being worn)
 Comestibles  ('%')
  u - 3 uncursed gunyoki
 Scrolls  ('?')
  y - an uncursed scroll of blank paper
  q - 2 uncursed scrolls of destroy armor
  e - a cursed scroll of genocide
  K - 3 uncursed scrolls of identify
  d - a blessed scroll of remove curse
  G - an uncursed scroll of taming
  i - 10 uncursed scrolls of teleportation
 Potions  ('!')
  T - a blessed potion of confusion
  J - a cursed potion of full healing
  Y - an uncursed potion of healing
  U - a cursed potion of healing
  H - a blessed potion of invisibility
  P - an uncursed potion of levitation
  M - a cursed potion of levitation
  c - an uncursed potion of monster detection
  p - an uncursed potion of paralysis
  R - 2 uncursed potions of see invisible
  s - an uncursed potion of speed
  L - 3 potions of holy water
 Rings    ('=')
  f - a cursed ring of conflict
  x - a cursed -2 ring of increase damage
 Wands    ('/')
  Q - a wand of create monster (0:14)
  m - a wand of digging (0:4)
  O - a wand of light (0:6)
  Z - a wand of magic missile (0:5)
  l - a wand of polymorph (0:5)
  t - a cursed wand of polymorph (0:6)
  v - a wand of probing (0:5)
  I - a cursed wand of speed monster (0:6)
  A - a wand of striking (0:3)
  V - a cursed wand of striking (0:4)
  r - a wand of teleportation (0:7)
 Tools    ('(')
  k - a blessed bag of holding containing 42 items
  h - an empty uncursed bag of holding
  N - an uncursed sack containing 5 items
  B - a bag of tricks (0:10)
  X - an uncursed magic lamp
  S - a blessed magic marker (1:28)
  C - a magic marker (0:19)
  E - an uncursed magic whistle
  D - an uncursed skeleton key
  F - an uncursed towel
 Gems/Stones  ('*')
  j - an uncursed luckstone

Contents of the bag of holding:
  24955 gold pieces
  a thoroughly rusty +0 long sword
  an uncursed tin of newt meat
  an uncursed lizard corpse
  a cursed scroll of amnesia
  2 cursed scrolls of blank paper
  an uncursed scroll of charging
  a blessed scroll of confuse monster
  5 uncursed scrolls of confuse monster
  a blessed scroll of create monster
  6 uncursed scrolls of create monster
  an uncursed scroll of earth
  a cursed scroll of earth
  an uncursed scroll of enchant armor
  a cursed scroll of enchant armor
  3 uncursed scrolls of enchant weapon
  a blessed scroll of food detection
  2 uncursed scrolls of gold detection
  a cursed scroll of gold detection
  3 uncursed scrolls of light
  a cursed scroll of light
  an uncursed scroll of punishment
  3 uncursed scrolls of remove curse
  an uncursed scroll of stinking cloud
  an uncursed potion of sake
  an uncursed ring of polymorph control
  an uncursed ring of sustain ability
  an uncursed ring of sustain ability
  a wand of light (0:12)
  a wand of light (0:11)
  a wand of light (0:3)
  a wand of magic missile (0:3)
  a wand of magic missile (0:0)
  a wand of make invisible (0:6)
  a wand of sleep (0:6)
  a wand of sleep (0:2)
  a wand of speed monster (0:5)
  a wand of speed monster (0:4)
  a wand of striking (0:7)
  a wand of striking (0:0)
  a wand of striking (0:0)
  a +0 unicorn horn

Contents of the sack:
  a wand of digging (0:3)
  a wand of light (0:13)
  a cursed wand of polymorph (0:4)
  a cursed wand of polymorph (0:3)
  a wand of undead turning (0:2)

Drastanta the Samurai's attributes:

Background:
 You were a Joshu, a level 13 male human Samurai.
 You were lawful, on a mission for Amaterasu Omikami
 who was opposed by Raijin (neutral) and Susanowo (chaotic).
 You were right-handed.
 You were in the Dungeons of Doom, on level 23.
 You entered the dungeon 22498 turns ago.
 There was a full moon in effect when your adventure ended.
 You had 43320 experience points, 36680 more were needed to attain level 14.

Basics:
 You had 0 out of 134 hit points.
 You had all 33 energy points (spell power).
 Your armor class was -7.
 Your wallet was empty, but
 you had 24955 zorkmids stashed away in your pack.
 Autopickup was on for '$' plus thrown.

Final Characteristics:
 Your strength was 25 (base:18/04, innate limit:18/100).
 Your dexterity was 17 (peak:18, limit:18).
 Your constitution was 18 (limit:18).
 Your intelligence was 3 (peak:10, limit:18).
 Your wisdom was 9 (limit:18).
 Your charisma was 10 (limit:18).

Final Status:
 You weren't hungry.
 You were burdened; movement was slightly slowed.
 You were wielding two weapons at once.
 You had expert skill with long sword and two weapons.

Final Attributes:
 You were piously aligned.
 You were magic-protected.
 You were cold resistant.
 You were sleep resistant.
 You were poison resistant.
 You were telepathic.
 You were stealthy.
 You aggravated monsters.
 You had a small defense bonus (+4).
 You were warded.
 You were fast.
 You had reflection.
 You were very lucky.
 You had extra luck.
 Bad luck did not time out for you.
 Good luck did not time out for you.
 You are dead.

Miscellaneous:
 You encountered 4 bones levels.
 Total elapsed playing time was 11 hours, 1 minute and 2 seconds.

Major events:
 Turn
    1: Drastanta the lawful male human Samurai entered the dungeon
  794: entered the Gnomish Mines
  842: attained the rank of Ronin (level 3)
 1705: reached Mine Town
 1783: attained the rank of Ninja (level 6)
 5364: acquired the Mines' End luckstone
 5925: Kipawa, the general store proprietor, has been killed
 6061: Makin, the delicatessen proprietor, has been killed
 6187: Nosalnef, the hardware store proprietor, has been killed
 6304: was bestowed with Snickersnee by Amaterasu Omikami
 7389: the Oracle has been killed
 7929: entered Sokoban
 8481: completed 1st Sokoban level
 9225: completed 2nd Sokoban level
 9706: completed 3rd Sokoban level
10768: attained the rank of Joshu (level 10)
10789: completed 4th Sokoban level
10971: acquired the Sokoban bag of holding
13128: Boyabai, the used armor dealership proprietor, has been killed
15303: entered the Bigroom
18204: entered Home 1, the Quest
18435: made his first wish - "Blessed fixed +3 silver dragon scale mail", got "a silver dragon scale mail"
19503: performed his first genocide (class L)
22455: Tuktoyaktuk, the general store proprietrix, has been killed
22498: killed by brainlessness

Spells:
 Name                 Level Category     Fail Retention
 light                  1   divination   100%  76%-100%
 force bolt             1   attack       100%  76%-100%

Skills:
 Fighting Skills
   martial arts      [Basic]
   two weapon combat [Expert]
   riding            [Unskilled]
 Weapon Skills
   dagger            [Unskilled]
   knife             [Unskilled]
   short sword       [Basic]
   broadsword        [Unskilled]
   long sword        [Expert]
   two-handed sword  [Unskilled]
   saber             [Unskilled]
   flail             [Unskilled]
   quarterstaff      [Unskilled]
   polearms          [Unskilled]
   spear             [Unskilled]
   lance             [Unskilled]
   bow               [Basic]
   shuriken          [Unskilled]
 Spellcasting Skills
   attack spells     [Unskilled]
   divination spells [Unskilled]
   clerical spells   [Unskilled]

Voluntary challenges:
 Character rerolling was not enabled.
 You genocided 4 types of monsters.
 You never polymorphed an object.
 You used 1 wish.
 You did not wish for any artifacts.
 You violated the special Sokoban rules 5 times.
Achievements:
 You entered the Gnomish Mines.
 You attained the rank of Ronin.
 You entered Minetown.
 You attained the rank of Ninja.
 You entered a shop.
 You entered a temple.
 You completed the Gnomish Mines.
 You entered Sokoban.
 You attained the rank of Joshu.
 You completed Sokoban.
 You entered the Big Room.

 The Dungeons of Doom: levels 1 to 23
    Level 1:
       Many altars.
    Level 2:
       Some fountains, a sink.
    Level 3:
       Some fountains.
       Stairs down to The Gnomish Mines.
    Level 4:
       Many altars.
    Level 5:
       An altar.
    Level 6:
       Some fountains.
       Final resting place for
          smithman3-Wiz-Hum-Mal-Neu, killed by a gnome lord, while frozen by a potion.
    Level 7:
       A grave.
       Stairs up to Sokoban, level 6.
    Level 8:
       An armor shop, some fountains.
    Level 9:
       A fountain.
       Final resting place for
          jmcunx-Wiz-Elf-Fem-Cha, killed by a giant spider.
    Level 10:
       A fountain.
    Level 11:
       A very big room.
    Level 12:
    Level 13:
       A temple and an altar to Amaterasu Omikami.
       Summoned by Lord Sato.
       Portal to The Quest.
    Level 14:
       Many altars.
    Level 15:
       A grave.
       Final resting place for
          ironrat-Wiz-Hum-Mal-Neu, killed by falling down a mine shaft.
    Level 16:
       A primitive area.
    Level 17:
    Level 18:
    Level 19:
       Some fountains.
    Level 20:
    Level 21:
    Level 22:
    Level 23: <- You were here.
       A general store.
       Final resting place for
          you, killed by brainlessness.
 The Gnomish Mines: levels 4 to 12
    Level 4:
    Level 5:
    Level 6:
    Level 7:
       Many shops, a temple and an altar to Amaterasu Omikami, some graves.
       Final resting place for
          yeovil-Wiz-Hum-Mal-Neu, killed by a Woodland-elf,
          npexception-Val-Hum-Fem-Law, killed by a Woodland-elf.
    Level 8:
    Level 9:
    Level 10:
    Level 11:
    Level 12:
 The Quest:
    Level 1:
       Home.
 Sokoban: levels 6 up to 3
    Level 3:
       Solved.
    Level 4:
       Solved.
    Level 5:
       Solved.
    Level 6:
       Solved.


Vanquished creatures:
  4 Olog-hai
  a trapper
  5 shopkeepers
the Oracle
 an aligned cleric
  a nurse
 an ice devil
  a lurker above
 an Aleax
  7 ghosts
  2 queen bees
  a mind flayer
  3 giant mimics
  a zruty
  a flesh golem
 an elven monarch
  2 doppelgangers
  2 large mimics
  a wumpus
  a couatl
  2 stalkers
 an air elemental
 an earth elemental
  a water elemental
  2 black nagas
  a water demon
  4 wargs
  6 small mimics
  a glass piercer
  2 warhorses
  5 xans
  3 ettin mummies
 an ogre leader
  5 quantum mechanics
  6 trolls
  a wood golem
  4 gelatinous cubes
  a pyrolisk
  a large dog
  3 freezing spheres
  2 flaming spheres
  a shocking sphere
  3 large cats
  2 tigers
  3 dwarf rulers
  5 tengu
 an ochre jelly
  a leocrotta
  a mountain centaur
  a stone giant
  4 elf mummies
  4 human mummies
  2 pythons
  a pit viper
  2 cobras
  4 wraiths
 an ettin zombie
  3 Grey-elves
 an amorous demon
  5 chameleons
  6 giant beetles
  6 cockatrices
  5 wolves
  7 winter wolf cubs
  a lynx
  a panther
  a gremlin
  a spotted jelly
 32 leprechauns
  6 orc-captains
  2 iron piercers
  3 giant spiders
  2 scorpions
  4 horses
 an ice vortex
  7 black lights
  5 vampire bats
  a forest centaur
  5 gnome rulers
 an orc mummy
  a dwarf mummy
  6 ogres
  4 rust monsters
  2 owlbears
  2 yetis
  2 gold golems
  a werewolf
  4 Green-elves
  7 lizards
  a chickatrice
  5 dingoes
  2 dogs
  4 housecats
  3 dwarf leaders
  2 blue jellies
  2 white unicorns
  3 gray unicorns
  3 black unicorns
  4 dust vortices
  2 ravens
  6 plains centaurs
  2 gnome mummies
  2 snakes
  4 water moccasins
  6 apes
  8 human zombies
  2 rope golems
 14 Woodland-elves
  8 soldier ants
  2 fire ants
 35 bugbears
  2 imps
  3 quasits
  2 wood nymphs
  a water nymph
  a mountain nymph
 13 Mordor orcs
 16 Uruk-hai
 an orc shaman
  4 rock piercers
  4 rock moles
  3 ponies
  3 fog clouds
  5 yellow lights
  2 shriekers
  4 violet fungi
 25 gnome leaders
  9 gnomish wizards
  a kobold mummy
  a red naga hatchling
  a golden naga hatchling
  2 gray oozes
  2 elf zombies
  a ghoul
  2 straw golems
  a paper golem
  5 giant ants
  a little dog
  4 floating eyes
  a kitten
 21 dwarves
  3 homunculi
  2 kobold shamans
 14 hill orcs
 14 rothes
  2 rabid rats
  a centipede
  4 giant bats
  2 monkeys
  2 orc zombies
  3 dwarf zombies
  4 werejackals
 12 iguanas
 31 killer bees
  5 acid blobs
  3 coyotes
  4 gas spores
  4 hobbits
 13 manes
  4 large kobolds
 17 hobgoblins
  8 giant rats
 12 cave spiders
  a brown mold
  4 yellow molds
  2 green molds
  2 red molds
 63 gnomes
  2 garter snakes
  2 gnome zombies
 11 geckos
 18 jackals
  2 foxes
  3 kobolds
  2 goblins
  a sewer rat
 12 grid bugs
  2 bats
  2 lichens
  6 kobold zombies
 13 newts
835 creatures vanquished.

Genocided species:
 arch-liches
 master liches
 demiliches
 liches
4 species genocided.

Game over:
                       ----------
                      /          \
                     /    REST    \
                    /      IN      \
                   /     PEACE      \
                  /                  \
                  |    Drastanta     |
                  |     24955 Au     |
                  |    killed by     |
                  |  brainlessness   |
                  |                  |
                  |                  |
                  |       2026       |
                 *|     *  *  *      | *
        _________)/\\_//(\/(/\)/\//\/|_)_______

Sayonara Drastanta the Samurai...

You died in The Dungeons of Doom on dungeon level 23 with 115760 points,
and 24955 pieces of gold, after 22498 moves.
You were level 13 with a maximum of 134 hit points when you died.

